AoeStats
← RedPhosphoru

Arabian Desert

509783676Analyzed
1v1 RM · 5d ago on Sep 28, 2026· 40m 13s· 2 players
Game mode
Random Map
Map size
Tiny (2 player)
Population
200
Speed
Normal
Resources
Standard
Victory
Conquest
Starting age
Dark Age
Ending age
Imperial Age
RankedLock teamsTeams togetherTeam positionsShared explorationLock speedFull tech treeHidden civsTurbo modeCheats
Victory
Defeat
🇹🇼 Celts · Taiwan
2456
+10
🇺🇸 Tupi · United States
2323
-10
RedPhosphoru
7:38 Loom
10:08 Feudal Age
10:14 Champi Runner
11:02 Double-Bit Axe
13:53 Scale Mail Armor
14:44 Forging
21:15 Castle Age
22:12 Chain Mail Armor
21:26 Champi Warrior
22:53 Squires
24:00 Fletching
24:36 Gold Mining
25:25 Bodkin Arrow
27:22 Wheelbarrow
27:20 Padded Archer Armor
33:21 Leather Archer Armor
37:13 Ballistics
TAG_Z40
6:27 Loom
9:17 Feudal Age
10:22 Double-Bit Axe
10:28 Man-at-Arms
15:37 Fletching
20:51 Castle Age
18:56 Horse Collar
20:10 Padded Archer Armor
20:53 Crossbowman
21:29 Bodkin Arrow
24:26 Wheelbarrow
25:55 Gold Mining
26:58 Ballistics
27:28 Bow Saw
34:59 Leather Archer Armor
34:53 Guard Tower
35:49 Murder Holes
Connection lost

Rejoining the realm…

Still unreachable

The connection could not be restored.

Session expired

The server has moved on; the page needs a fresh start.